 Dungeon Crawl Stone Soup version 0.20-a0-222-gb69ddcd (webtiles) character file.

64 zdt the Slasher (level 4, -7/34 HPs)
             Began as a Human Gladiator on Nov 29, 2016.
             Mangled by Yakui's ghost (8 damage)
             ... on level 3 of the Dungeon.
             The game lasted 00:04:35 (2100 turns).

zdt the Slasher (Human Gladiator)                   Turns: 2100, Time: 00:04:35

Health: -7/34      AC:  7    Str: 16    XL:     4   Next: 32%
Magic:  4/4        EV: 12    Int:  8    God:
Gold:   92         SH:  0    Dex: 14    Spells: 3/3 levels left

rFire  . . .     SeeInvis .     a - +0 long sword
rCold  . . .     Gourm    .     o - +0 ring mail
rNeg   . . .     Faith    .     (no shield)
rPois  .         Spirit   .     c - +0 helmet
rElec  .         Reflect  .     (no cloak)
rCorr  .         Harm     .     (no gloves)
MR     .....                    q - +0 pair of boots
Stlth  +.........               (no amulet)
                                (no ring)
                                (no ring)

@: no status effects
A: no striking features
a: no special abilities


You were on level 3 of the Dungeon.
You were not hungry.

You visited 1 branch of the dungeon, and saw 3 of its levels.

You collected 92 gold pieces.

Inventory:

Hand Weapons
 a - a +0 long sword (weapon)
Missiles
 d - 3 throwing nets (quivered)
Armour
 c - a +0 helmet (worn)
 o - a +0 ring mail (worn)
 q - a +0 pair of boots (worn)
Scrolls
 b - a scroll of teleportation {unknown}
 h - 2 scrolls of enchant armour {unknown}
 p - a scroll of remove curse {unknown}
 r - a scroll of fog {unknown}
 s - a scroll of random uselessness {unknown}
Potions
 e - 3 potions of curing {unknown}
 k - 3 potions of agility {unknown}
 n - a potion of might
Comestibles
 f - a bread ration
 g - a slice of pizza
 j - a meat ration
 m - 2 chunks of flesh


   Skills:
 + Level 2.9 Fighting
 + Level 3.6 Long Blades
 - Level 2.0 Throwing
 + Level 1.6 Armour
 - Level 3.2 Dodging


You had 3 spell levels left.
You didn't know any spells.

Dungeon Overview and Level Annotations

Branches:
Dungeon (3/15)

Altars:

Annotations:
D:3 Yakui's ghost, amateur HuBe


Message History

Yakui's ghost hits you.
You are too injured to fight recklessly!
You are too injured to fight recklessly!
You miss Yakui's ghost.
Yakui's ghost is severely damaged.
Yakui's ghost screams in joy, "As in life, so in death: Kill!
Kill!!
Kill!!!"
Yakui's ghost hits you!
* * * LOW HITPOINT WARNING * * *
You completely miss Yakui's ghost.
Yakui's ghost is severely damaged.
Yakui's ghost barely misses you. Yakui's ghost hits you.
* * * LOW HITPOINT WARNING * * *
You closely miss Yakui's ghost.
Yakui's ghost is severely damaged.
Yakui's ghost hits you.
* * * LOW HITPOINT WARNING * * *
You hit Yakui's ghost.
Yakui's ghost is severely damaged.
Yakui's ghost hits you!
You die...

.. ###.........#.....#
#.###....#.##.#..#####..
...........##.##!## ###
.....#######.##..# ####
............###.## #
....
#†######.....#..#####
#..#..## #.###....#....
#.....## #.# ####.#.##.
###...@###.# #.#.##.
###..W.(.######.#.##.
#####...(..##.#.#..
#.####.##.#.#.# #.#
#..#.#.### #.#
####.#.### #.. #.#.#..
#.#######.#....
#.........#..##


You could see Yakui's ghost.

Vanquished Creatures
  An adder (D:3)
  A dart slug (D:1)
  A leopard gecko (D:1)
  An orc (D:3)
  4 bats
  4 giant cockroaches
  2 goblins (D:1)
  10 hobgoblins
  4 jackals (D:1)
  7 kobolds
  A quokka (D:2)
  8 frilled lizards
  3 rats
47 creatures vanquished.

Notes
Turn   | Place    | Note
-------+----------+-------------------------------------------
     0 | D:1      | zdt the Human Gladiator began the quest for the Orb.
     0 | D:1      | Reached XP level 1. HP: 16/16 MP: 1/1
   378 | D:1      | Reached XP level 2. HP: 22/22 MP: 2/2
   583 | D:1      | Reached skill level 1 in Armour
   594 | D:1      | Reached XP level 3. HP: 21/28 MP: 3/3
  1482 | D:2      | Reached XP level 4. HP: 33/34 MP: 4/4
  2018 | D:3      | Noticed Yakui's ghost (amateur HuBe)
  2099 | D:3      | HP: 1/34 [Yakui's ghost (3)]
  2100 | D:3      | Mangled by Yakui's ghost

Vault maps used:
D:1:      lemuel_arrival_cross
D:2:      minmay_lizard_pond
D:3:      serial_co_window_serial, co_window_corner_a, co_window_paths_a,
          co_window_paths_b, co_window_corner_a, co_window_corner_a,
          co_window_paths_c, co_window_of_opportunity_b, co_window_cross_3,
          co_window_corner_cb, co_window_of_opportunity_c, wad_orctagon

Skill      XL: |  1  2 |
---------------+-------+-----
Armour         | 1 |  1.6
Fighting       | |  2.9
Long Blades    | |  3.6
Throwing       | |  2.0
Dodging        | |  3.2

Action                   |  1- 3 |  4- 6 || total
-------------------------+-------+-------++-------
Melee: Long sword        |   101 |    36 ||   137
  Use: Scroll            |       |     2 ||     2
  Eat: Chunk             |     2 |     2 ||     4
Armor: Leather armour    |    30 |       ||    30
       Ring mail         |    11 |    13 ||    24
Dodge: Dodged            |    83 |    22 ||   105
       Rpst.: Long sword |    24 |     9 ||    33
